 Dungeon Sprint DCSS version 0.19-a0-860-g5c370dd (webtiles) character file.

62386 LORDOFBUTT the Shatterer (level 14, -37/154 HPs)
             Began as a Minotaur Fighter on July 3, 2016.
             Was an Initiate of Gozag.
             Annihilated by Margery
             ... wielding a +1 demon whip
              (44 damage)
             ... in the Dungeon (Sprint IX: "|||||||||||||||||||||||||||||").
             The game lasted 00:11:48 (3628 turns).

LORDOFBUTT the Shatterer (Minotaur Fighter)         Turns: 3628, Time: 00:11:48

Health: -37/154    AC: 15    Str: 24    XL:     14   Next: 64%
Magic:  0/22       EV: 24    Int:  5    God:    Gozag
Gold:   171        SH: 16    Dex: 15    Spells: 0 memorised, 13 levels left

rFire  . . .     SeeInvis +     r - +6 morningstar (crush)
rCold  + + .     Gourm    .     I - +3 ring mail of Uthrunnura {rC+ Str+3 Slay+3 SInv}
rNeg   . . .     Faith    .     c - +0 shield
rPois  +         Spirit   +     q - +1 hat
rElec  .         Dismiss  .     (no cloak)
rCorr  .         Reflect  .     D - +1 pair of gloves
SustAt .         Harm     .     (no boots)
MR     +....     NoTele   +     u - amulet "Rirgh" {Spirit rPois MP+9}
Stlth  +++.......               g - ring of Sif Muna's Generosity {rC+ Slay+4}
                                o - +2 ring of evasion

@: exhausted, marked, slowed, very slow, somewhat resistant to hostile
enchantments, fairly stealthy
A: retaliatory headbutt, horns 2
a: Potion Petition, Call Merchant, Bribe Branch, Renounce Religion


You were in the Dungeon.
You worshipped Gozag.
Gozag was noncommittal.
You were not hungry.

You visited 1 branch You collected 3463 gold pieces.
You spent 1426 gold pieces at shops.
You paid 1866 gold pieces to Gozag.

Inventory:

Hand Weapons
 r - a +6 morningstar of crushing (weapon)
 J - a +2 dire flail of holy wrath
 K - a +0 flail of draining
Armour
 b - the +3 plate armour of Plasticity {rN+ Str+5}
   (You found it in the Dungeon)

   It affects your strength (+5).
   It protects you from negative energy.
 c - a +0 shield (worn)
 q - a +1 hat (worn)
 D - a +1 pair of gloves (worn)
 I - the +3 ring mail of Uthrunnura (worn) {rC+ Str+3 Slay+3 SInv}
   (You bought it in a shop in the Dungeon)

   It affects your strength (+3).
   It affects your accuracy and damage with ranged weapons and melee attacks
   (+3).
   It protects you from cold.
   It lets you see invisible.
Jewellery
 g - the ring of Sif Muna's Generosity (right hand) {rC+ Slay+4}
   (You bought it in a shop in the Dungeon)

   [ring of protection from cold]

   It affects your accuracy and damage with ranged weapons and melee attacks
   (+4).
   It protects you from cold.
 o - a +2 ring of evasion (left hand)
 p - a +3 ring of intelligence
 u - the amulet "Rirgh" (around neck) {Spirit rPois MP+9}
   (You found it in the Dungeon)

   [amulet of guardian spirit]

   It causes incoming damage to be split between your health and magic.
   It protects you from poison.
   It affects your magic capacity (+9).
 y - an uncursed ring of protection from cold
 A - an uncursed ring of fire
 B - an uncursed ring of fire
 C - an uncursed ring of fire
Wands
 h - a wand of lightning (7/15)
 n - a wand of iceblast (7/15)
Scrolls
 k - 2 scrolls of blinking
 l - 3 scrolls of remove curse
 m - 2 scrolls of amnesia
 w - 2 scrolls of recharging
 x - 2 scrolls of identify
 G - 2 scrolls of fear
 H - a scroll of fog
Potions
 a - a potion of degeneration {unknown}
 d - a potion of invisibility
 e - 6 potions of curing
 i - 4 potions of magic
 j - a potion of cure mutation
 s - 2 potions of agility
 t - a potion of brilliance
 E - a potion of resistance
 F - 4 potions of heal wounds
Comestibles
 f - 40 fruits
 v - 12 bread rations
 z - 10 meat rations


   Skills:
 + Level 22.2 Fighting
 + Level 25.5 Maces & Flails
 + Level 15.3 Armour
 + Level 16.0 Dodging
 + Level 10.7 Stealth
 + Level 19.8 Shields


You had 13 spell levels left.
You didn't know any spells.

Dungeon Overview and Level Annotations

Branches:
Dungeon (1/1)

Altars:
Cheibriados
Dithmenos
Elyvilon
Fedhas
Gozag
Hepliaklqana
Kikubaaqudgha
Makhleb
Nemelex Xobeh
Okawaru
Pakellas
Qazlal
Ru
Sif Muna
Trog
Uskayaw
Vehumet
Xom
Yredelemnul
Zin
The Shining One
Beogh
Jiyva
Lugonu

Shops:
D [=[=[

Annotations:
D Margery


Innate Abilities, Weirdness & Mutations

You reflexively headbutt those who attack you in melee.
You have a pair of horns on your head.


Message History

Margery completely misses you.
You crush Margery like a grape!!!
Margery is severely wounded.
Margery hits you with an enchanted demon whip!!
* * * LOW HITPOINT WARNING * * *
The ironbrand convoker points at Margery and mumbles some strange words.
Margery seems to grow stronger.
You impale Margery!!
Margery is severely wounded.
Margery hits you with an enchanted demon whip!!
* * * LOW HITPOINT WARNING * * *
You hit Margery but do no damage. You headbutt Margery!
Margery is almost dead.
Margery points at you and mumbles some strange words.
The bolt of fire misses you.
You closely miss Margery.
Margery is almost dead.
Margery hits you with an enchanted demon whip!!!
You die...
Your body crumbles into a pile of gold.

▓▓▓▓▓▓▓▓▓▓▓▓▓▓▓▓▓▓▓▓▓▓▓
+$$$$.$$$$.$$$$$@@pdi.+
▓▓▓▓▓▓▓▓▓▓▓▓▓▓▓▓▓▓▓▓▓▓▓▓▓▓▓▓▓▓▓▓▓
.....p...$.....)................▓
▓▓▓▓▓▓▓▓▓▓▓▓▓▓▓▓▓▓▓▓▓▓▓▓▓▓▓▓▓▓▓.▓
.........'.)).).)).'............▓
▓▓▓▓▓▓▓▓▓▓▓▓▓▓▓▓▓▓▓▓▓▓▓▓▓▓▓▓▓▓▓▓▓
................................▓
▓▓▓▓▓▓▓▓▓▓▓▓▓▓▓▓▓▓▓▓▓▓▓▓▓▓▓▓▓▓▓.▓
......'))...)[.).))...'.........▓


You could see Margery, a black draconian, an ironbrand convoker and a spriggan
baker.

Vanquished Creatures
  Kirke (D)
  2 thorn hunters (D)
  Gastronok (D)
  Wiglaf (D)
  2 frost giants (D)
  An emperor scorpion (D)
  2 vault wardens (D)
  A ghost moth (D)
  2 spriggan defenders (D)
  An ironheart preserver (D)
  4 stone giants (D)
  A very ugly thing (D)
  An entropy weaver (D)
  A spark wasp (D)
  A merfolk impaler (D)
  Josephine (D)
  2 fire dragons (D)
  2 ettins (D)
  A great orb of eyes (D)
  A naga warrior (D)
  A rakshasa (D)
  Erolcha (D)
  2 hydras (D)
  2 ice dragons (D)
  A death knight (D)
  2 alligators (D)
  A centaur warrior (D)
  A deep troll shaman (D)
  An ogre mage (D)
  A tengu warrior (D)
  A death yak (D)
  A vampire mage (D)
  A shock serpent (D)
  A wizard (D)
  An unseen horror (D)
  2 ironbrand convokers (D)
  An orc knight (D)
  A deep elf archer (D)
  2 hill giants (D)
  A hornet (D)
  A griffon (D)
  A mana viper (D)
  7 orc sorcerers (D)
  An ugly thing (D)
  A cyclops (D)
  A wolf spider (D)
  3 manticores (D)
  2 moths of wrath (D)
  2 vault sentinels (D)
  A water nymph (D)
  A naga mage (D)
  Maurice (D)
  4 black mambas (D)
  A gargoyle (D)
  5 spiny frogs (D)
  A demonic crawler (D)
  2 yaktaurs (D)
  A komodo dragon (D)
  2 tengu conjurers (D)
  3 merfolk (D)
  4 polar bears (D)
  A blink frog (D)
  A slime creature (D)
  A boulder beetle (D)
  3 wraiths (D)
  A shadow (D)
  A redback (D)
  2 yaks (D)
  2 wyverns (D)
  A hog (shapeshifter) (D)
  A hog (D)
  A hippogriff (D)
  A vampire mosquito (D)
  A mottled dragon (D)
  A naga (shapeshifter) (D)
  A naga (D)
  A water moccasin (D)
  11 orc warriors (D)
  4 black bears (D)
  A sky beast (D)
  2 centaurs (D)
  3 crocodiles (D)
  3 giant frogs (D)
  A howler monkey (D)
  A crimson imp (D)
  A jelly (D)
  A hound (D)
  An orc priest (D)
  13 orc wizards (D)
  An iguana (D)
  A sheep (D)
  An adder (D)
  2 river rats (D)
  2 shadow imps (D)
  A dart slug (D)
  A giant gecko (D)
  5 orcs (D)
  A giant cockroach (D)
  A hobgoblin (D)
  A kobold (D)
  A quokka (D)
  A giant newt (D)
  3 briar patches (D)
183 creatures vanquished.

Vanquished Creatures (others)
  A tarantella (D)
  A swamp drake (shapeshifter) (D)
  A swamp drake (D)
  A bat skeleton (D)
  A giant gecko zombie (D)
5 creatures vanquished.

Grand Total: 188 creatures vanquished

Notes
Turn   | Place    | Note
-------+----------+-------------------------------------------
     0 | D        | LORDOFBUTT the Minotaur Fighter began the quest for the Orb.
     0 | D        | Reached XP level 1. HP: 19/19 MP: 0/0
    24 | D        | Noticed a sky beast
    24 | D        | Noticed a centaur
    24 | D        | Noticed a howler monkey
    32 | D        | Killed a sky beast
    32 | D        | Reached skill level 4 in Maces & Flails
    32 | D        | Reached skill level 1 in Dodging
    32 | D        | Reached XP level 2. HP: 19/31 MP: 1/1
    32 | D        | Reached XP level 3. HP: 23/38 MP: 2/2
    32 | D        | Reached XP level 4. HP: 27/45 MP: 3/3
    35 | D        | Killed a centaur
    35 | D        | Reached XP level 5. HP: 33/53 MP: 4/4
    46 | D        | Reached skill level 5 in Maces & Flails
    52 | D        | Found a glowing silver altar of Zin.
    52 | D        | Found a glowing golden altar of the Shining One.
    52 | D        | Found an ancient bone altar of Kikubaaqudgha.
    52 | D        | Found a basalt altar of Yredelemnul.
    52 | D        | Found a shimmering altar of Xom.
    52 | D        | Found a radiant altar of Vehumet.
    53 | D        | Found an iron altar of Okawaru.
    54 | D        | Found a burning altar of Makhleb.
    55 | D        | Found a deep blue altar of Sif Muna.
    56 | D        | Found a bloodstained altar of Trog.
    57 | D        | Found a sparkling altar of Nemelex Xobeh.
    58 | D        | Found a white marble altar of Elyvilon.
    59 | D        | Found a roughly hewn altar of Beogh.
    60 | D        | Found a viscous altar of Jiyva.
    61 | D        | Found a corrupted altar of Lugonu.
    62 | D        | Found a blossoming altar of Fedhas.
    63 | D        | Found a snail-covered altar of Cheibriados.
    64 | D        | Found a shadowy altar of Dithmenos.
    65 | D        | Found a stormy altar of Qazlal.
    66 | D        | Found an opulent altar of Gozag.
    67 | D        | Found a sacrificial altar of Ru.
    68 | D        | Found an oddly glowing altar of Pakellas.
    69 | D        | Found a hide-covered altar of Uskayaw.
    70 | D        | Found a hazy altar of Hepliaklqana.
    74 | D        | Became a worshipper of Gozag Ym Sagoz the Greedy
   233 | D        | Noticed a wyvern
   233 | D        | Noticed a wyvern
   243 | D        | Killed a wyvern
   243 | D        | Reached skill level 6 in Maces & Flails
   243 | D        | Reached XP level 6. HP: 35/66 MP: 5/5
   251 | D        | Killed a wyvern
   251 | D        | Reached skill level 10 in Fighting
   251 | D        | Reached skill level 10 in Armour
   251 | D        | Reached XP level 7. HP: 12/72 MP: 6/6
   258 | D        | Reached skill level 10 in Shields
   267 | D        | Noticed a gargoyle
   267 | D        | Noticed a five-headed hydra
   267 | D        | Noticed a yak
   274 | D        | Killed a gargoyle
   274 | D        | Reached skill level 7 in Maces & Flails
   274 | D        | Reached skill level 5 in Dodging
   277 | D        | Killed an unseen horror
   277 | D        | Reached skill level 9 in Maces & Flails
   277 | D        | Reached XP level 8. HP: 83/83 MP: 7/7
   284 | D        | Killed a five-headed hydra
   284 | D        | Reached skill level 10 in Maces & Flails
   284 | D        | Reached XP level 9. HP: 65/92 MP: 8/8
   705 | D        | Got the amulet "Rirgh" {Spirit rPois MP+9}
   863 | D        | Reached skill level 11 in Maces & Flails
   864 | D        | Noticed a spiny frog
   875 | D        | Killed a spiny frog
   902 | D        | Noticed a spiny frog
   902 | D        | Noticed a spiny frog
   902 | D        | Noticed a komodo dragon
   906 | D        | Killed a spiny frog
   906 | D        | Reached skill level 12 in Maces & Flails
   909 | D        | Noticed a death yak
   910 | D        | Killed a spiny frog
   910 | D        | Reached XP level 10. HP: 103/103 MP: 9/9
   925 | D        | Killed a death yak
   925 | D        | Reached skill level 13 in Maces & Flails
   973 | D        | Reached skill level 10 in Dodging
   976 | D        | Reached skill level 15 in Fighting
   994 | D        | Reached skill level 14 in Maces & Flails
  1053 | D        | Noticed Erolcha
  1059 | D        | Killed Erolcha
  1059 | D        | Reached skill level 1 in Stealth
  1150 | D        | Noticed a stone giant
  1167 | D        | Killed a stone giant
  1167 | D        | Reached skill level 15 in Maces & Flails
  1167 | D        | Reached XP level 11. HP: 96/114 MP: 10/10
  1182 | D        | Noticed an orc sorcerer
  1191 | D        | Noticed a sun demon
  1215 | D        | Noticed a soul eater
  1232 | D        | Killed an orc sorcerer
  1702 | D        | Found Ubodon's Jewellery Emporium.
  1702 | D        | Noticed an orc sorcerer
  1702 | D        | Noticed an orc sorcerer
  1704 | D        | Noticed an orc sorcerer
  1707 | D        | Killed an orc sorcerer
  1707 | D        | Reached skill level 15 in Shields
  1708 | D        | Found Xevea's Antique Armour Shoppe.
  1709 | D        | Killed an orc sorcerer
  1709 | D        | Reached skill level 16 in Maces & Flails
  1716 | D        | Found Noorijot's Jewellery Emporium.
  1718 | D        | Killed an orc sorcerer
  1721 | D        | Found Rocuc's Antique Armour Shoppe.
  1724 | D        | Noticed an orc sorcerer
  1725 | D        | Noticed an orc sorcerer
  1726 | D        | Noticed an orc sorcerer
  1728 | D        | Killed an orc sorcerer
  1733 | D        | Killed an orc sorcerer
  1742 | D        | Killed an orc sorcerer
  1792 | D        | Bought the ring of Sif Muna's Generosity {rC+ Slay+4} for 585 gold pieces
  1834 | D        | Noticed Maurice
  1843 | D        | Killed Maurice
  1963 | D        | Got the +3 plate armour of Plasticity {rN+ Str+5}
  2050 | D        | Noticed a hill giant
  2050 | D        | Noticed a centaur warrior
  2060 | D        | Killed a hill giant
  2060 | D        | Reached skill level 17 in Maces & Flails
  2063 | D        | Killed a centaur warrior
  2064 | D        | Noticed a fire dragon
  2066 | D        | Noticed an ettin
  2068 | D        | Noticed an ice dragon
  2073 | D        | Noticed an ettin
  2075 | D        | Noticed a wizard
  2081 | D        | Killed a fire dragon
  2086 | D        | Killed an ettin
  2086 | D        | Reached skill level 18 in Maces & Flails
  2086 | D        | Reached XP level 12. HP: 67/125 MP: 11/11
  2091 | D        | Killed an ice dragon
  2097 | D        | Killed an ettin
  2383 | D        | Noticed Josephine
  2386 | D        | Reached skill level 5 in Stealth
  2394 | D        | Killed Josephine
  2394 | D        | Reached skill level 19 in Maces & Flails
  2451 | D        | Noticed a thorn hunter
  2451 | D        | Noticed an alligator
  2451 | D        | Noticed a thorn hunter
  2452 | D        | Noticed an alligator
  2471 | D        | Killed a thorn hunter
  2476 | D        | Killed an alligator
  2479 | D        | Killed a thorn hunter
  2481 | D        | Noticed a four-headed hydra
  2487 | D        | Killed an alligator
  2487 | D        | Reached skill level 20 in Maces & Flails
  2496 | D        | Killed a four-headed hydra
  2529 | D        | Bought the +3 ring mail of Uthrunnura {rC+ Str+3 Slay+3 SInv} for 841 gold pieces
  2554 | D        | Noticed a naga warrior
  2578 | D        | Killed a naga warrior
  2578 | D        | Reached XP level 13. HP: 34/137 MP: 8/12
  2907 | D        | Noticed a ghost moth
  2907 | D        | Noticed an emperor scorpion
  2907 | D        | Noticed an entropy weaver
  2911 | D        | Killed a ghost moth
  2911 | D        | Reached skill level 21 in Maces & Flails
  2927 | D        | Killed an emperor scorpion
  2931 | D        | Killed an entropy weaver
  3192 | D        | Noticed a merfolk impaler
  3225 | D        | Killed a merfolk impaler
  3281 | D        | Noticed Wiglaf
  3290 | D        | Killed Wiglaf
  3290 | D        | Reached skill level 22 in Maces & Flails
  3290 | D        | Reached skill level 15 in Armour
  3296 | D        | Noticed Kirke
  3304 | D        | Killed Kirke
  3312 | D        | Noticed Gastronok
  3322 | D        | Killed Gastronok
  3393 | D        | Noticed a frost giant
  3393 | D        | Noticed a fire dragon
  3393 | D        | Noticed a frost giant
  3393 | D        | Noticed a spriggan defender
  3397 | D        | Killed a frost giant
  3403 | D        | Killed a fire dragon
  3404 | D        | Noticed a spriggan defender
  3407 | D        | Killed a frost giant
  3407 | D        | Reached skill level 23 in Maces & Flails
  3412 | D        | Killed a spriggan defender
  3413 | D        | Noticed a stone giant
  3417 | D        | Noticed a stone giant
  3426 | D        | Killed a spriggan defender
  3426 | D        | Reached XP level 14. HP: 129/151 MP: 13/13
  3432 | D        | Killed a stone giant
  3432 | D        | Reached skill level 15 in Dodging
  3439 | D        | Killed a stone giant
  3440 | D        | Noticed a stone giant
  3448 | D        | Reached skill level 24 in Maces & Flails
  3464 | D        | Killed a stone giant
  3548 | D        | Noticed an ironheart preserver
  3567 | D        | Killed an ironheart preserver
  3577 | D        | Reached skill level 10 in Stealth
  3578 | D        | Noticed a vault warden
  3583 | D        | Noticed a white very ugly thing
  3587 | D        | Noticed a vault warden
  3593 | D        | Killed a vault warden
  3593 | D        | Reached skill level 25 in Maces & Flails
  3597 | D        | Killed a white very ugly thing
  3601 | D        | Killed a vault warden
  3615 | D        | Noticed Margery
  3626 | D        | HP: 6/154 [Margery/enchanted demon whip (23)]
  3628 | D        | Annihilated by Margery

Vault maps used:
D:        linesprint

Skill      XL: |  1  2  3  4  5  6  7  8  9 10 11 12 13 14 |
---------------+-------------------------------------------+-----
Shields        | 6 8 9 11 12 14 16 17 19 | 19.8
Fighting       | 6 8 9 10 12 14 15 17 19 21 22 | 22.2
Armour         | 6 7 9 10 11 12 13 14 15 | 15.3
Maces & Flails | 4 6 9 10 12 15 18 20 23 25 | 25.5
Dodging        | 1 3 6 7 9 11 12 13 14 16 | 16.0
Stealth        | 2 4 6 8 10 | 10.7

Action                   |  1- 3 |  4- 6 |  7- 9 | 10-12 | 13-15 || total
-------------------------+-------+-------+-------+-------+-------++-------
Melee: Flail             |    21 |    13 |       |       |       ||    34
       Headbutt          |     2 |     6 |     9 |    80 |    66 ||   163
       Morningstar       |       |    18 |    52 |   296 |   199 ||   565
Invok: Potion Petition   |       |       |     1 |       |     3 ||     4
       Call Merchant     |       |       |       |     1 |       ||     1
  Use: Potion            |     1 |       |     3 |     4 |     1 ||     9
       Scroll            |       |       |       |     5 |       ||     5
 Stab: Distracted        |       |       |       |     7 |     9 ||    16
       Confused          |       |       |       |     2 |     2 ||     4
       Sleeping          |       |       |       |     1 |       ||     1
  Eat: Bread ration      |       |       |     1 |       |       ||     1
       Meat ration       |       |       |       |     1 |     1 ||     2
Armor: Scale mail        |     5 |    12 |    10 |    18 |       ||    45
       Plate armour      |       |       |       |    22 |       ||    22
       Ring mail         |       |       |       |     1 |    10 ||    11
Dodge: Dodged            |     9 |    11 |    16 |    90 |    59 ||   185
Block: Shield            |     9 |    12 |    21 |   128 |    62 ||   232
